[Event "Late-Titled-Tuesday-Blitz-September-05-2023"]
[Site "Chess.com"]
[Date "2023.09.05"]
[Round "6"]
[White "Evhen_Taranenko"]
[Black "Boorchess"]
[Result "1/2-1/2"]
[WhiteElo "2457"]
[BlackElo "2559"]
[TimeControl "180+1"]
[EndTime "15:06:22 PDT"]
[Termination "Game drawn by repetition"]

1. e4 e5 2. Nf3 Nf6 3. Nxe5 d6 4. Nf3 Nxe4 5. Nc3 Nxc3 6. dxc3 Be7 7. Bd3 Be6 8. Be3 Nc6 9. Qd2 h6 10. O-O-O Qd7 11.
h3 a6 12. Rhe1 O-O-O 13. Nd4 Nxd4 14. cxd4 d5 15. Bf4 Qa4 16. Kb1 Bf6 17. c3 Rhe8 18.
Qc2 Qxc2+ 19. Bxc2 Bd7 20. Kc1 Rxe1 21. Rxe1 Re8 22.
Rxe8+ Bxe8 23. Kd2 Bd7 24. Ke3 Be6 25. Be5 Bxe5 26. dxe5 c5 27. f4 Kc7 28. f5 Bd7 29. g4 f6 30. e6 Be8 31. Bb3 Kd6 32.
Kf4 Bc6 33. h4 Ke7 34. g5 hxg5+ 35. hxg5 b6 36. Bc2 Bb7 37. Bd3 a5 38. Bb5 Ba8 39.
Bd3 Bc6 40. Kg4 Be8 41. Bc2 Kd6 42. Kf4 Bh5 43. Bd3 Be8 44. Bc2 Bh5 45. Bd3 Be8 46.
Bc2 1/2-1/2

[Event "Late-Titled-Tuesday-Blitz-September-05-2023"]
[Site "Chess.com"]
[Date "2023.09.05"]
[Round "6"]
[White "santosalberto1987"]
[Black "FeketeBarika"]
[Result "1-0"]
[WhiteElo "2544"]
[BlackElo "2403"]
[TimeControl "180+1"]
[EndTime "15:06:24 PDT"]
[Termination "santosalberto1987 won by resignation"]

1. e4 e6 2. d4 d5 3. Nc3 Nf6 4. e5 Nfd7 5. Nce2 c5 6. c3 Nc6 7. Nf3 Be7 8. a3 cxd4 9. cxd4 a5 10. Nf4 O-O 11. h4 b6 12. Bd3 Ba6 13. Bxh7+ Kh8 14. Ng5 g6 15. Bxg6 Kg7 16. Ngxe6+ fxe6 17. Nxe6+ Kxg6 18. Qg4+ Kf7 19. Nxd8+ Nxd8 20. Qxd7 Ne6 21. Bg5 Rfe8 22. Rh3 Bc8 23. Qxd5 Rb8 24. Qf3+ Kg8 25. Bxe7 Rxe7 26. Rg3+ Ng7 27. Rc1 Bb7 28. Qf6 Rf7 29. Qxb6 Rbf8 30. Rc7 Be4 31. Rxf7 Rxf7 32. h5 Kh7 33. h6 Nf5 34. Rg4 Bd3 35. Qg6+ 1-0

[Event "Late-Titled-Tuesday-Blitz-September-05-2023"]
[Site "Chess.com"]
[Date "2023.09.05"]
[Round "6"]
[White "jorquerino"]
[Black "copanchess"]
[Result "0-1"]
[WhiteElo "2335"]
[BlackElo "2181"]
[TimeControl "180+1"]
[EndTime "15:06:26 PDT"]
[Termination "copanchess won by checkmate"]

1. e4 e5 2. Nc3 Nf6 3. f4 d5 4. fxe5 Nxe4 5. d3 Nxc3 6. bxc3 Be7 7. Nf3 c5 8. Be2 O-O 9. O-O f6 10. Bf4 fxe5 11. Nxe5 Bf6 12. d4 Nd7 13. Ng4 cxd4 14. cxd4 Qb6 15. Nxf6+ Nxf6 16. Be5 Bd7 17. Rb1 Qc6 18.
Bb5 Qe6 19. Bxf6 Bxb5 20. Rxb5 Rxf6 21. Rxf6 Qxf6 22. Rxd5 Rf8 23. h3 Qf2+ 24. Kh1 h6 25.
Rd7 Re8 26. Qh5 Re1+ 27. Kh2 Qf4+ 28. g3 Qf2# 0-1

[Event "Late-Titled-Tuesday-Blitz-September-05-2023"]
[Site "Chess.com"]
[Date "2023.09.05"]
[Round "6"]
[White "olakenn"]
[Black "Nick12772"]
[Result "1/2-1/2"]
[WhiteElo "1867"]
[BlackElo "2329"]
[TimeControl "180+1"]
[EndTime "15:06:28 PDT"]
[Termination "Game drawn by repetition"]

1. e4 e6 2. d4 d5 3. exd5 exd5 4. Nf3 Bd6 5. Bd3 Ne7 6. O-O O-O 7. Bg5 f6 8. Bh4 Bf5 9. Bg3 c6 10. Bxd6 Qxd6 11.
c3 Nd7 12. Na3 Bxd3 13. Qxd3 Ng6 14. Qd2 Rfe8 15. Rfe1 Qf4 16. Qxf4 Nxf4 17. Rxe8+ Rxe8 18. Re1 Rxe1+ 19. Nxe1 Nb6 20. g3 Ng6 21. Nd3 Nd7 22. Nc2 Kf7 23. Kg2 Ke6 24. f4 Kd6 25. b4 Ne7 26. Nc5 b6 27. Nxd7 Kxd7 28. Kf3 Nc8 29.
Ke2 Nd6 30. Kd3 Ne4 31. Ne3 b5 32. Nd1 Ke6 33. Ne3 h5 34. f5+ Kd7 35. Nd1 Nd6 36.
Ne3 Ke7 37. Ke2 Kf7 38. Kf3 Ne4 39. Nd1 g6 40. fxg6+ Kxg6 41. Kf4 Nd2 42. h3 Ne4 43. g4 hxg4 44. hxg4 Nd2 45. Ne3 Ne4 46. Nd1 Nd2 47. Ne3 Ne4 48. Nd1 1/2-1/2

[Event "Late-Titled-Tuesday-Blitz-September-05-2023"]
[Site "Chess.com"]
[Date "2023.09.05"]
[Round "6"]
[White "MusicCityMaster"]
[Black "Sacbutt"]
[Result "0-1"]
[WhiteElo "2421"]
[BlackElo "2281"]
[TimeControl "180+1"]
[EndTime "15:06:29 PDT"]
[Termination "Sacbutt won by checkmate"]

1. e4 c5 2. Nf3 d6 3. d4 cxd4 4. Nxd4 Nf6 5. Nc3 a6 6. Bc4 e6 7. Bb3 b5 8. Qe2 Be7 9. Be3 O-O 10. O-O-O Qc7 11. f3 Nc6 12. g4 b4 13. Na4 Nxd4 14.
Bxd4 Bd7 15. Nb6 Rab8 16. Nxd7 Nxd7 17. Qxa6 Nc5 18. Bxc5 dxc5 19. Qc4 Qf4+ 20. Kb1 Qxf3 21. Rdf1 Qxg4 22. Rhg1 Qh5 23. Rg2 Rbd8 24. c3 bxc3 25. Qxc3 Rd4 26. Rfg1 g6 27. a4 Rxe4 28. a5 Rb4 29. a6 Rfb8 30. a7 Ra8 31. Bc2 Rxa7 32. Qd3 c4 33. Qe3 Rab7 34. Be4 Rb8 35. Qd4 Bf8 36.
Qd7 Bg7 37. Kc1 Rxb2 38. Rxb2 Bxb2+ 39. Kc2 Qxh2+ 40. Rg2 Qe5 41. Qc6 Qc3+ 42. Kd1 Rd8+ 43. Ke2 Rd2+ 44. Kf1 Qc1# 0-1

[Event "Late-Titled-Tuesday-Blitz-September-05-2023"]
[Site "Chess.com"]
[Date "2023.09.05"]
[Round "6"]
[White "GAO"]
[Black "Casper"]
[Result "0-1"]
[WhiteElo "2298"]
[BlackElo "2455"]
[TimeControl "180+1"]
[EndTime "15:06:31 PDT"]
[Termination "Casper won by checkmate"]

1. e4 c5 2. Nf3 d6 3. d4 Nf6 4.
dxc5 Nxe4 5. cxd6 Nxd6 6. Bd3 Bg4 7. Nbd2 Nc6 8. O-O g6 9. Qe2 Bg7 10. c3 O-O 11. h3 Bxf3 12. Nxf3 e6 13. Bg5 Qa5 14. Rfd1 Nf5 15. g4 Nfe7 16. Be4 f6 17. Be3 f5 18. Bc2 fxg4 19. hxg4 Ne5 20. Nxe5 Bxe5 21.
Bb3 Nd5 22. Bd4 Bxd4 23. Qxe6+ Kh8 24. Rxd4 Nf4 25. Qe3 Qg5 26. Qf3 Rae8 27. Rad1 Ne2+ 28. Kg2 Rxf3 29. Kxf3 Nxd4+ 30. Rxd4 Rf8+ 31. Kg2 Qh4 32. f3 Re8 33. Rd2 Re1 34. f4 Qh1+ 35. Kf2 Qg1+ 36.
Kf3 Re3# 0-1

[Event "Late-Titled-Tuesday-Blitz-September-05-2023"]
[Site "Chess.com"]
[Date "2023.09.05"]
[Round "6"]
[White "DawidCzerw"]
[Black "laskakid"]
[Result "1-0"]
[WhiteElo "2498"]
[BlackElo "2246"]
[TimeControl "180+1"]
[EndTime "15:06:32 PDT"]
[Termination "DawidCzerw won by resignation"]

1. e4 e5 2. Nf3 Nc6 3. Bb5 a6 4.
Ba4 Nf6 5. d4 exd4 6. e5 Ne4 7.
O-O Nc5 8. Bb3 Be7 9. Nxd4 Nxe5 10. Nf5 Nxb3 11. Nxg7+ Kf8 12. Bh6 Kg8 13. axb3 Bg5 14. Nf5 d5 15. Bxg5 Qxg5 16. Ne3 d4 17. f4 Qg7 18.
fxe5 dxe3 19. Qd8+ Qf8 20. Qg5+ Qg7 21. Qxe3 h5 22. Nc3 h4 23. Nd5 Rh6 24. Nxc7 h3 25. g3 Rb8 26. Qa7 Qxe5 27. Qxb8 Qe3+ 28. Rf2 Rf6 29.
Qxc8+ Kh7 30. Qxh3+ Kg7 31. Rf1 Qe5 32. Rxf6 1-0

[Event "Late-Titled-Tuesday-Blitz-September-05-2023"]
[Site "Chess.com"]
[Date "2023.09.05"]
[Round "6"]
[White "martinbitel"]
[Black "canary2016"]
[Result "0-1"]
[WhiteElo "2233"]
[BlackElo "2053"]
[TimeControl "180+1"]
[EndTime "15:06:33 PDT"]
[Termination "canary2016 won on time"]

1. d4 Nf6 2. c4 e6 3. Nf3 Bb4+ 4. Bd2 Bxd2+ 5. Nbxd2 O-O 6. e3 d5 7. Bd3 b6 8. O-O Bb7 9. Qc2 c5 10. Rfd1 Nbd7 11.
b3 Rc8 12. Qb2 Qe7 13. Rac1 Rfd8 14. Bb1 dxc4 15. bxc4 cxd4 16. exd4 Nf8 17. Qb3 Ng6 18. Nf1 Nf4 19. Qe3 Qc7 20. Ne5 Ng6 21. Nxg6 hxg6 22.
Qb3 Qc6 23. f3 Nh5 24. Be4 Qc7 25. Bxb7 Qxb7 26. Ne3 Nf4 27. d5 Ne2+ 28. Kf2 Nxc1 29. Rxc1 exd5 30. Qd1 dxc4 31. Qe2 Qa6 0-1

[Event "Late-Titled-Tuesday-Blitz-September-05-2023"]
[Site "Chess.com"]
[Date "2023.09.05"]
[Round "6"]
[White "kleinebeer98"]
[Black "K_A_S_T_O_R"]
[Result "1/2-1/2"]
[WhiteElo "2862"]
[BlackElo "2957"]
[TimeControl "180+1"]
[EndTime "15:06:38 PDT"]
[Termination "Game drawn by repetition"]

1. e4 c5 2. Nf3 d6 3. d4 cxd4 4.
Nxd4 Nf6 5. Nc3 a6 6. a3 Nc6 7. Rg1 g6 8. g4 Bg7 9. Be3 O-O 10. Nb3 b5 11. g5 Nd7 12. h4 Bb7 13. h5 Rc8 14.
Qg4 Nce5 15. Qh3 Rxc3 16. bxc3 Bxe4 17. Be2 Qc7 18. Bd4 Bxc2 19. Nd2 Bf5 20. Qh4 gxh5 21. Qxh5 Nc5 22. Rh1 Bg6 23. Qh3 Ned3+ 24. Kf1 e5 25. Bxc5 Nf4 26. Qe3 dxc5 27. Bf3 Rd8 28. Be4 Qd6 29.
Bxg6 Qxg6 30. Nf3 Rd3 31. Nxe5 Bxe5 32. Qxe5 Qc6 33. Qb8+ Kg7 34. Qe5+ Kg8 35. Rg1 Qf3 36. Qe8+ Kg7 37. Qe5+ Kg8 38. Qe8+ Kg7 39. Qe5+ Kg8 1/2-1/2

[Event "Late-Titled-Tuesday-Blitz-September-05-2023"]
[Site "Chess.com"]
[Date "2023.09.05"]
[Round "6"]
[White "GP9isback23"]
[Black "Jospem"]
[Result "0-1"]
[WhiteElo "2677"]
[BlackElo "3028"]
[TimeControl "180+1"]
[EndTime "15:06:38 PDT"]
[Termination "Jospem won on time"]

1. Nf3 c5 2. e3 Nf6 3. d4 g6 4. Be2 Bg7 5. O-O O-O 6. c3 Qc7 7. b4 b6 8. a4 Bb7 9. a5 d6 10. Bb2 Nbd7 11. a6 Be4 12. Nbd2 d5 13. bxc5 bxc5 14.
Nxe4 Nxe4 15. Nd2 Nd6 16. Ba3 Rab8 17. Nb3 Ne4 18. Rc1 c4 19. Nd2 Nd6 20. Ra1 Nb5 21.
Bb4 Rfc8 22. f4 e6 23. Qc2 Bf8 24. Bxf8 Rxf8 25. e4 Nd6 26. f5 exf5 27. exf5 Nf6 28.
fxg6 fxg6 29. Rae1 Qc6 30. Bf3 Rbe8 31. Qa2 Kg7 32. Qa5 Qb6 33. Qxb6 axb6 34. Rxe8 Rxe8 35. Ra1 Ra8 36. a7 b5 37. Ra6 Nde8 38. Nb1 Nc7 39. Ra5 Nfe8 40. Na3 Nd6 41. Bg4 Nb7 42. Rxb5 Rxa7 0-1

[Event "Late-Titled-Tuesday-Blitz-September-05-2023"]
[Site "Chess.com"]
[Date "2023.09.05"]
[Round "6"]
[White "sjoerd893"]
[Black "rdarruda"]
[Result "1-0"]
[WhiteElo "2451"]
[BlackElo "2523"]
[TimeControl "180+1"]
[EndTime "15:06:38 PDT"]
[Termination "sjoerd893 won by resignation"]

1. e4 c5 2. Nf3 Nc6 3. d4 cxd4 4.
Nxd4 e5 5. Nb5 a6 6. Nd6+ Bxd6 7. Qxd6 Qe7 8. Qxe7+ Ngxe7 9. Nc3 Nb4 10. Bd3 d5 11. a3 Nxd3+ 12. cxd3 Be6 13. Bg5 f6 14. Bd2 O-O-O 15. O-O-O Nc6 16. exd5 Bxd5 17. Nxd5 Rxd5 18. Bc3 Rhd8 19. Kc2 b5 20. Rd2 Kb7 21. Rhd1 Rc5 22. Kb3 Rcd5 23. Kc2 a5 24. b4 axb4 25. axb4 Ra8 26.
Kb3 Ra4 27. Ra2 Rxa2 28. Kxa2 e4 29. d4 Rf5 30. Rd2 Ne7 31. Kb3 Nd5 32. Re2 Rg5 33. g3 f5 34. Rc2 Rg6 35. Bd2 Rc6 36. Rc5 Rxc5 37. dxc5 Kc6 38. Kc2 g6 39. Kd1 Nf6 40. Ke2 Kd5 41. h3 Nd7 42. Ke3 Ne5 43. Bc3 Nc6 44. Kf4 Kc4 45. Be1 Kd3 46. g4 Ke2 47. Bc3 Kxf2 48. gxf5 gxf5 49. Kxf5 e3 50. Ke6 e2 51.
Kd6 Na7 52. Kc7 e1=Q 53. Bxe1+ Kxe1 54. Kb7 Kd2 55. Kxa7 1-0

[Event "Late-Titled-Tuesday-Blitz-September-05-2023"]
[Site "Chess.com"]
[Date "2023.09.05"]
[Round "6"]
[White "PapaieDudu"]
[Black "boguszp"]
[Result "1-0"]
[WhiteElo "2298"]
[BlackElo "2065"]
[TimeControl "180+1"]
[EndTime "15:06:39 PDT"]
[Termination "PapaieDudu won by resignation"]

1. e4 e6 2. Nf3 d5 3. e5 c5 4.
b4 cxb4 5. a3 bxa3 6. d4 Nc6 7. c3 a6 8. Nxa3 Bd7 9. Bd3 Na5 10.
O-O Rc8 11. Qe2 Rxc3 12. Bd2 Rxa3 13. Rxa3 Bxa3 14. Ra1 Be7 15. Bxa5 Qc8 16. Bd2 Nh6 17. h4 Nf5 18. Ng5 h6 19. Nf3 Nxh4 20. Nxh4 Bxh4 21.
Qg4 Bg5 22. f4 f5 23. Qh5+ Ke7 24. Rc1 Qe8 25. Bb4+ Kd8 26. Ba5+ Ke7 27. Bb4+ Kd8 28. Qf3 Be7 29. Ba5+ 1-0

[Event "Late-Titled-Tuesday-Blitz-September-05-2023"]
[Site "Chess.com"]
[Date "2023.09.05"]
[Round "6"]
[White "Athanasios2"]
[Black "only_strong_moves"]
[Result "1-0"]
[WhiteElo "2711"]
[BlackElo "2530"]
[TimeControl "180+1"]
[EndTime "15:06:40 PDT"]
[Termination "Athanasios2 won on time"]

1. Nf3 Nf6 2. c4 e6 3. e3 d5 4. Nc3 c5 5. cxd5 exd5 6. d4 Nc6 7. Be2 c4 8. O-O Bd6 9. b3 cxb3 10. Qxb3 O-O 11.
h3 a6 12. a4 Bf5 13. Ba3 Na5 14. Qa2 Rc8 15. Rac1 h6 16. Ne5 Re8 17. Rfd1 Bxe5 18. dxe5 Rxe5 19. Bb2 Re8 20. Nxd5 Be6 21. Rxc8 Qxc8 22.
Nxf6+ gxf6 23. Qa3 Qc2 24. Re1 Bc4 25. Bf3 Nb3 26.
Bxf6 Nd2 27. Bxb7 Rb8 28. Qe7 Qb3 29. Bc6 1-0

[Event "Late-Titled-Tuesday-Blitz-September-05-2023"]
[Site "Chess.com"]
[Date "2023.09.05"]
[Round "6"]
[White "DenishevM"]
[Black "infinitegiantkiller"]
[Result "1-0"]
[WhiteElo "2640"]
[BlackElo "2492"]
[TimeControl "180+1"]
[EndTime "15:06:41 PDT"]
[Termination "DenishevM won by checkmate"]

1. c4 Nf6 2. Nc3 g6 3. d4 d6 4. e4 Bg7 5. Be2 O-O 6. Be3 Nc6 7. g4 e5 8. d5 Ne7 9. h4 a5 10. h5 Nd7 11. Qd2 Nc5 12. f3 f5 13. hxg6 hxg6 14. gxf5 gxf5 15. O-O-O f4 16. Bxc5 dxc5 17. Nh3 Rf6 18.
Rdg1 Rg6 19. Nf2 Qe8 20. Nb5 Qd7 21. Bf1 c6 22. Bh3 Qd8 23. dxc6 Qxd2+ 24. Kxd2 bxc6 25. Nc7 Rb8 26. b3 a4 27. Kc3 axb3 28. axb3 Bxh3 29.
Nxh3 Rc8 30. Rxg6 Nxg6 31. Ne6 Kf7 32. Nhg5+ Kf6 33. Rh5 Rh8 34. Nxg7 Rxh5 35. Nxh5+ Kxg5 36. Ng7 Nh4 37. Ne6+ Kf6 38. Nxc5 Nxf3 39. b4 Nd4 40. Nd3 Ke6 41. Nxf4+ exf4 42. Kxd4 Kd6 43. e5+ Ke6 44. Ke4 f3 45. Kxf3 Kxe5 46. Ke3 Ke6 47. Kd4 Kd6 48. Ke4 Ke6 49. Kd4 Kd6 50. Kc3 Ke5 51. Kd3 Kf6 52.
Kd4 Ke6 53. Kc5 Kd7 54. Kb6 Kd6 55. c5+ Kd5 56. Kc7 Kc4 57. Kxc6 Kxb4 58. Kb6 Kc4 59. c6 Kd5 60. c7 Kd6 61. c8=Q Ke7 62. Qc6 Kd8 63.
Qc7+ Ke8 64. Kc6 Kf8 65. Kd6 Ke8 66. Ke6 Kf8 67. Qf7# 1-0

[Event "Late-Titled-Tuesday-Blitz-September-05-2023"]
[Site "Chess.com"]
[Date "2023.09.05"]
[Round "6"]
[White "Lennis93"]
[Black "IMRosen"]
[Result "0-1"]
[WhiteElo "2818"]
[BlackElo "2619"]
[TimeControl "180+1"]
[EndTime "15:06:42 PDT"]
[Termination "IMRosen won by checkmate"]

1. g3 e6 2. Bg2 Ne7 3. Nf3 d6 4. O-O Nd7 5. e4 Ng6 6. d4 Nb6 7. a4 a5 8. b3 Bd7 9. c4 Be7 10. Nc3 O-O 11. Be3 Nc8 12. h4 e5 13. h5 exd4 14.
Bxd4 Ne5 15. Nxe5 dxe5 16. Bxe5 f6 17. Bf4 c6 18. Qf3 Qe8 19. Rad1 Bb4 20. Ne2 Be6 21. Nd4 Bf7 22. g4 Nb6 23. Nf5 Nd7 24. Bd6 Ne5 25. Qg3 Bxd6 26. Rxd6 Be6 27. f4 Nf7 28. Rd3 Bxf5 29.
gxf5 Qe7 30. Rfd1 Rae8 31. Rd7 Qc5+ 32. Kh2 Re7 33. e5 Nh6 34. Bh3 fxe5 35. Rxe7 Qxe7 36. fxe5 Nxf5 37. Qg4 Qxe5+ 38. Kh1 Ng3+ 39. Kg2 Qb2+ 40. Kxg3 Qf2# 0-1

[Event "Late-Titled-Tuesday-Blitz-September-05-2023"]
[Site "Chess.com"]
[Date "2023.09.05"]
[Round "6"]
[White "Chessdemon2019"]
[Black "Maluco_do_Natal_00"]
[Result "0-1"]
[WhiteElo "2354"]
[BlackElo "1979"]
[TimeControl "180+1"]
[EndTime "15:06:42 PDT"]
[Termination "Maluco_do_Natal_00 won by resignation"]

1. e4 c5 2. Nf3 Nc6 3. Bb5 e6 4. O-O Nge7 5. Re1 Ng6 6. c3 a6 7. Bf1 d5 8. exd5 Qxd5 9. d4 cxd4 10.
cxd4 Be7 11. Nc3 Qd8 12. Be3 O-O 13. Rc1 Bf6 14. Ne4 Be7 15. Nc5 Nb4 16. a3 Nd5 17.
Nd3 Bd7 18. Nde5 Be8 19. Bd3 Rc8 20. Rxc8 Qxc8 21. Qb3 Nxe3 22. fxe3 Bd6 23. Nxg6 hxg6 24. e4 Bf4 25. d5 Qc5+ 26. Kh1 exd5 27. exd5 Bd7 28.
Qc4 Qd6 29. b4 Rc8 30. Qd4 Rc1 31. Rxc1 Bxc1 32. Qc5 Qxc5 33. bxc5 Bxa3 34. Ne5 Ba4 35. c6 bxc6 36. dxc6 Bd6 37. Nc4 Bc7 38. Be4 Bb5 39. Na3 Kf8 40. Kg1 f5 41. Bd5 Ke7 42. Kf2 g5 43.
Ke3 Bxh2 44. Kd4 Bc7 45. Nc2 Kd6 46. Ne3 Bb6+ 47. Kc3 Bxe3 48. Bf3 Bxc6 49. Be2 a5 0-1

[Event "Late-Titled-Tuesday-Blitz-September-05-2023"]
[Site "Chess.com"]
[Date "2023.09.05"]
[Round "6"]
[White "boldpilot22622"]
[Black "egnfanclub"]
[Result "1-0"]
[WhiteElo "2503"]
[BlackElo "2306"]
[TimeControl "180+1"]
[EndTime "15:06:43 PDT"]
[Termination "boldpilot22622 won by checkmate"]

1. e4 e5 2. Nf3 Nc6 3. d4 exd4 4. Nxd4 Bc5 5. Nb3 Bb6 6. Nc3 Nge7 7. Qe2 O-O 8. Be3 f5 9. O-O-O f4 10. Bxb6 axb6 11. f3 d6 12. g3 Ng6 13. g4 Be6 14. Nd5 Rxa2 15. Kb1 Ra8 16. h4 Nge5 17. h5 h6 18. Qg2 Na5 19. Nd4 Bxd5 20. exd5 Nac4 21. Bxc4 Nxc4 22. Qe2 Ne3 23. Ne6 Qd7 24. Rd4 Rfe8 25. Nxf4 Nxg4 26. Ne6 Nf6 27. Qd3 Nxd5 28. Nxg7 Kxg7 29.
Rg4+ Kh8 30. Qxd5 Qe6 31. Qd4+ Qe5 32. Qd2 Re6 33. Rg6 Rxg6 34. hxg6 h5 35. Qh6+ Kg8 36. Qh7+ Kf8 37. Qf7# 1-0

[Event "Late-Titled-Tuesday-Blitz-September-05-2023"]
[Site "Chess.com"]
[Date "2023.09.05"]
[Round "6"]
[White "NowInChess"]
[Black "WilsonPalencia21"]
[Result "0-1"]
[WhiteElo "2272"]
[BlackElo "2554"]
[TimeControl "180+1"]
[EndTime "15:06:43 PDT"]
[Termination "WilsonPalencia21 won on time"]

1. e4 c5 2. d3 g6 3. g3 Bg7 4. Bg2 Nc6 5. f4 d6 6. Nf3 Qb6 7. Nc3 Nd4 8. Nd5 Qd8 9. c3 Nxf3+ 10. Qxf3 e6 11. Ne3 Ne7 12. O-O O-O 13. f5 exf5 14.
exf5 Nxf5 15. Nd5 Be6 16. g4 Nh4 17. Qf2 Bxg4 18. Nf6+ Bxf6 19. Qxf6 Nxg2 20. Kxg2 Be2 21. Bh6 Bxf1+ 22. Qxf1 Re8 23. Qf3 Qe7 24. Kh1 c4 25.
dxc4 Qe4 26. Rf1 Qxf3+ 27. Rxf3 Re1+ 28. Kg2 Re2+ 29. Rf2 Rxf2+ 30. Kxf2 Rc8 31. b3 b5 32. Bf4 bxc4 33. b4 d5 34. Ke3 Re8+ 35. Kd2 f6 36. Bd6 a6 37. a4 Kf7 38. b5 axb5 39. axb5 Ke6 40. Bc7 Kd7 41. Bf4 Re4 0-1

[Event "Late-Titled-Tuesday-Blitz-September-05-2023"]
[Site "Chess.com"]
[Date "2023.09.05"]
[Round "6"]
[White "zeitnot2006"]
[Black "tptagain"]
[Result "0-1"]
[WhiteElo "2761"]
[BlackElo "2986"]
[TimeControl "180+1"]
[EndTime "15:06:47 PDT"]
[Termination "tptagain won by checkmate"]

1. e4 c6 2. Nf3 d5 3. d3 g6 4. Nbd2 Bg7 5. g3 Nh6 6. Bg2 O-O 7.
O-O f6 8. c3 Nf7 9. Qc2 e5 10.
Rd1 Na6 11. a4 Bg4 12. h3 Be6 13. Nf1 Qd7 14. Kh2 Rad8 15. Be3 b6 16. N1d2 f5 17.
Nb3 Qe7 18. a5 b5 19. exf5 gxf5 20. d4 f4 21. gxf4 e4 22. Ne5 Nxe5 23. fxe5 Qh4 24. Nd2 Bh6 25. Rf1 Bf4+ 26. Bxf4 Qxf4+ 27. Kh1 Rd7 28.
Rg1 Rg7 29. Nf1 Qh4 30. Re1 Rxf2 31. Re2 Bxh3 32. Bxe4 Bg2# 0-1

[Event "Late-Titled-Tuesday-Blitz-September-05-2023"]
[Site "Chess.com"]
[Date "2023.09.05"]
[Round "6"]
[White "Beca95"]
[Black "rezamahdavi2008"]
[Result "0-1"]
[WhiteElo "2957"]
[BlackElo "2770"]
[TimeControl "180+1"]
[EndTime "15:06:49 PDT"]
[Termination "rezamahdavi2008 won by resignation"]

1. e4 c5 2. Nf3 d6 3. d4 cxd4 4. Nxd4 Nf6 5. Nc3 a6 6. Bc4 e6 7. Bb3 b5 8. a3 Nbd7 9. Qe2 Be7 10. Bxe6 fxe6 11. Nxe6 Qb6 12. Nxg7+ Kf7 13. Nf5 Bf8 14. Be3 Qc6 15. Bd4 Ne5 16. f4 Neg4 17. h3 Bxf5 18.
hxg4 Bxg4 19. Qd3 Qc4 20. Qe3 Bg7 21. b3 Qc6 22. O-O Rhe8 23. e5 Rad8 24. Rae1 Kg8 25.
Qf2 dxe5 26. fxe5 Nd7 27. Qf7+ Kh8 28. Ne4 Nxe5 29. Bxe5 Rxe5 30. Qf4 Rde8 31. Qxg4 Rxe4 32. Rxe4 Qxe4 33. Qxe4 Rxe4 34. Rf7 Re2 35. Kf1 Rxc2 36. Ra7 Bd4 37. Rxa6 Rf2+ 38. Ke1 Rxg2 39. b4 Kg7 40. Ra5 Rg5 41. Ke2 h5 42. Kf3 h4 43. Kf4 h3 44.
Rxb5 Rxb5 0-1

[Event "Late-Titled-Tuesday-Blitz-September-05-2023"]
[Site "Chess.com"]
[Date "2023.09.05"]
[Round "6"]
[White "BeautiFullMindChess"]
[Black "whitemirrorninja"]
[Result "1-0"]
[WhiteElo "2366"]
[BlackElo "2501"]
[TimeControl "180+1"]
[EndTime "15:06:49 PDT"]
[Termination "BeautiFullMindChess won by checkmate"]

1. e4 e5 2. Nf3 Nc6 3. d4 exd4 4. Nxd4 Bb4+ 5. c3 Bc5 6. Be3 Bb6 7. Nf5 g6 8. Bxb6 axb6 9. Ne3 Nf6 10. f3 d6 11. c4 h5 12. Nc3 Ne5 13. Be2 Be6 14. O-O Qd7 15. f4 Neg4 16. Bxg4 Nxg4 17. Ned5 Qc6 18.
Qd4 Kd7 19. h3 Nh6 20. b4 Rhf8 21. Rad1 Ra3 22. Nb5 Rxa2 23. Ndxc7 Bxc4 24. Rc1 Bxb5 25. Rxc6 Bxc6 26. Rd1 Kc8 27. Qxd6 Rg8 28. Nd5 Bxd5 29. exd5 Rc2 30. Ra1 Rc1+ 31. Rxc1# 1-0

[Event "Late-Titled-Tuesday-Blitz-September-05-2023"]
[Site "Chess.com"]
[Date "2023.09.05"]
[Round "6"]
[White "NoGalloNoParty"]
[Black "nitpicker"]
[Result "1-0"]
[WhiteElo "2547"]
[BlackElo "2269"]
[TimeControl "180+1"]
[EndTime "15:06:49 PDT"]
[Termination "NoGalloNoParty won by resignation"]

1. d4 Nf6 2. c4 e6 3. Nc3 Bb4 4. Nf3 d5 5. Bg5 O-O 6. e3 c6 7. a3 Be7 8. Qc2 Nbd7 9. Rc1 h6 10. Bh4 b6 11. Bd3 Bb7 12. O-O Rc8 13. Rfd1 c5 14. cxd5 Nxd5 15. Bxe7 Qxe7 16. Bf1 Nxc3 17. bxc3 Bxf3 18.
gxf3 cxd4 19. Rxd4 Ne5 20. Bg2 Qxa3 21. f4 Nc6 22. Rd7 a5 23. Rb1 Qc5 24. Rb7 Nb4 25.
Qa4 Qxc3 26. Rxb6 Nd3 27. Be4 Nc5 28. Qc2 Qxc2 29. Bxc2 a4 30. Ra1 Nd7 31. Rb2 Nc5 32. Bxa4 Ra8 33. Rba2 Ra5 34. Bc2 Rfa8 35. Rxa5 1-0

[Event "Late-Titled-Tuesday-Blitz-September-05-2023"]
[Site "Chess.com"]
[Date "2023.09.05"]
[Round "6"]
[White "Kosak12"]
[Black "SEBAZZANO"]
[Result "1-0"]
[WhiteElo "2794"]
[BlackElo "2194"]
[TimeControl "180+1"]
[EndTime "15:06:49 PDT"]
[Termination "Kosak12 won by resignation"]

1. e4 e6 2. d4 d5 3. Bd3 dxe4 4. Bxe4 Nf6 5. Bf3 Be7 6. Ne2 O-O 7. O-O c5 8. Nbc3 Nc6 9. Be3 cxd4 10. Nxd4 Nxd4 11. Qxd4 Qxd4 12. Bxd4 Bd7 13. Bxb7 Rab8 14. Bf3 a6 15. Rad1 Rfd8 16. Be5 Rbc8 17. Bb7 Rc5 18. Bd4 Rg5 19. Be3 Rg6 20. Bxa6 Kf8 21. f3 Rb8 22. b3 Bb4 23. Ne4 Bc6 24. Nxf6 gxf6 25. Bd3 f5 26. c3 Ba5 27. b4 Bc7 28. c4 Ke7 29. b5 Ba8 30. Bc5+ Kf6 31. a4 Rbg8 32. Rd2 Bf4 33. Re2 h5 34. a5 h4 35.
a6 h3 36. g3 Bxg3 37. hxg3 Rxg3+ 38. Kh2 Rxf3 39. Rxf3 Bxf3 40. Rf2 Bg2 41. b6 1-0

[Event "Late-Titled-Tuesday-Blitz-September-05-2023"]
[Site "Chess.com"]
[Date "2023.09.05"]
[Round "6"]
[White "Djager97"]
[Black "Witik"]
[Result "1-0"]
[WhiteElo "2525"]
[BlackElo "2668"]
[TimeControl "180+1"]
[EndTime "15:06:50 PDT"]
[Termination "Djager97 won on time"]

1. e4 e5 2. Nf3 Nc6 3. d4 exd4 4. Nxd4 Bc5 5. Nb3 Bb6 6. Qe2 Nge7 7. Nc3 O-O 8. Be3 f5 9. O-O-O d6 10. f4 fxe4 11. g3 Nf5 12. Bxb6 axb6 13. Qxe4 Kh8 14. Bc4 Na5 15. Nxa5 Rxa5 16. Rhe1 c6 17. Bb3 d5 18. Qe2 Qf6 19. g4 Nd4 20. Qe7 Nxb3+ 21. cxb3 Bxg4 22.
Qxf6 gxf6 23. Rd2 Raa8 24. Re7 Rae8 25. Rxb7 Re1+ 26. Nd1 Bf3 27. Rxb6 c5 28. a4 Rg8 29. Kc2 d4 30. Nf2 Rgg1 31. b4 c4 32. Rxd4 Re2+ 33. Rd2 1-0

[Event "Late-Titled-Tuesday-Blitz-September-05-2023"]
[Site "Chess.com"]
[Date "2023.09.05"]
[Round "6"]
[White "DTChess"]
[Black "eljanov"]
[Result "0-1"]
[WhiteElo "2477"]
[BlackElo "2882"]
[TimeControl "180+1"]
[EndTime "15:06:53 PDT"]
[Termination "eljanov won by resignation"]

1. e4 c6 2. d4 d5 3. Nc3 dxe4 4. Nxe4 Bf5 5. Ng3 Bg6 6. Nf3 e6 7. Bc4 Nd7 8. Bb3 Ngf6 9. c3 Bd6 10. Qe2 Qc7 11.
O-O O-O-O 12. a4 Nd5 13. a5 a6 14. Ne4 Bf4 15. Bxf4 Nxf4 16. Qe3 Nd5 17. Qe2 Bh5 18. Ng3 Bg4 19. h3 Nf4 20. Qe3 Bxf3 21. Qxf3 g5 22. Ne2 Rhg8 23. Nxf4 gxf4 24. Kh1 Rg5 25. Rg1 Rdg8 26. Bc2 Nf6 27. b4 h5 28. Rad1 Qd6 29.
Be4 Nxe4 30. Qxe4 Qd5 31. Qxd5 cxd5 32. Rd3 Kd7 33. Rf3 Rf5 34. Rd1 h4 35. Kh2 f6 36.
Rfd3 Kd6 37. f3 Rc8 38. R1d2 Rg5 39. Rb2 Kc6 40. Re2 e5 41. dxe5 fxe5 42. Red2 Rd8 43.
c4 d4 44. Re2 Kd6 45. b5 Rc8 46. bxa6 bxa6 47. Rb3 Rxc4 48. Rb6+ Rc6 49. Rb7 Rg6 50. Reb2 Kd5 51. Rd7+ Rgd6 52. Re7 d3 53. Kg1 Kd4 54. Rb4+ Rc4 55. Rb1 d2 0-1